 Dungeon Crawl Stone Soup version 0.30-a0-883-g5ad918d77d (webtiles) character file.

Game seed: 14955294585683238928

26 jasper the Sneak (level 2, 0/17 HPs)
             Began as a Vampire Brigand on Mar 16, 2023.
             Shot with a sling bullet by a goblin (4 damage)
             ... led by Robin
             ... on level 1 of the Dungeon.
             The game lasted 00:01:41 (581 turns).

jasper the Sneak (Vampire Brigand)                   Turns: 581, Time: 00:01:41

Health: 0/17       AC:  3    Str: 10    XL:     2   Next: 89%
Magic:  2/2        EV: 12    Int: 13    God:
Gold:   22         SH:  0    Dex: 21    Spells: 1/1 levels left

rFire   . . .      SeeInvis +    a - +2 dagger
rCold   + + .      Faith    .    (no shield)
rNeg    + + +      Spirit   .    b - +0 robe
rPois   ∞          Reflect  .    (no helmet)
rElec   .          Rampage  .    c - +0 cloak
rCorr   .                        (no gloves)
Will    .....                    (no boots)
Stlth   ++++++                   (no amulet)
HPRegen 0.00/turn                i - +6 ring of dexterity
MPRegen 0.08/turn                n - ring of flight

@: flying, bloodless, inhibited regen
A: bloodless, fangs 3, see invisible, vampiric 1
a: Revivify


You were on level 1 of the Dungeon.
You visited 1 branch of the dungeon, and saw 2 of its levels.

You collected 22 gold pieces.

Inventory:

Hand Weapons
 a - a +2 dagger (weapon)
 o - a +2 short sword of protection
Missiles
 d - 6 poisoned darts (quivered)
 e - 3 curare-tipped darts
Armour
 b - a +0 robe (worn)
 c - a +0 cloak (worn)
Jewellery
 i - a +6 ring of dexterity (left hand)
 k - a ring of wizardry
 n - a ring of flight (right hand)
Scrolls
 f - a scroll of poison {unknown}
 g - 2 scrolls of teleportation {unknown}
 h - a scroll of noise {unknown}
 j - a scroll of amnesia {unknown}
 m - a scroll of blinking {unknown}
 p - a scroll of magic mapping {unknown}
Potions
 l - a potion of flight {unknown}


   Skills:
 + Level 2.1 Fighting
 + Level 2.6 Short Blades
 - Level 1.5 Throwing
 + Level 1.8 Dodging
 + Level 6.2 Stealth


You had one spell level left.
You didn't know any spells.
Your spell library was empty.

Dungeon Overview and Level Annotations

Branches:
Dungeon (2/15)

Altars:

Annotations:
D:2 Robin


Innate Abilities, Weirdness & Mutations

You do not regenerate when monsters are visible.
You are frail without blood (-20% HP).
You can heal yourself when you bite living creatures.
You are immune to poison.
You have razor-sharp teeth.
You have supernaturally acute eyesight. (SInv)
You are afflicted with vampirism.


Message History

You take 3 damage, and have 10/17 hp.
The goblin barely misses you. The goblin hits you with a +0 club.
You see here a +0 dagger.
You take 3 damage, and have 7/17 hp.
The goblin attacks as you move away! The goblin closely misses you.
The bat completely misses you. The bat attacks as you move away!
The bat hits you but does no damage. x2
The bat closely misses you.
You barely miss the bat. The bat hits you but does no damage.
The bat closely misses you.
Okay, then.
Okay, then.
Throw: 9 darts (poison)
Press: ? - help, Q - select action, (/) - cycle Shift-Dir - straight line, f - bat
Aim: a bat (50% to hit)
You throw a poisoned dart. The poisoned dart hits the bat.
The bat is poisoned.
The bat closely misses you.
Throw: 8 darts (poison)
Press: ? - help, Q - select action, (/) - cycle Shift-Dir - straight line, f/p - bat
Aim: a bat (heavily wounded, poisoned, 50% to hit)
You throw a poisoned dart. The poisoned dart hits the bat.
The bat looks even sicker.
The bat is heavily wounded.
The bat misses you. The bat closely misses you.
You hit the bat.
You kill the bat!
Throw: 7 darts (poison)
Press: ? - help, Q - select action, (/) - cycle Shift-Dir - straight line, f - goblin
Aim: a goblin, wielding a +0 dagger (56% to hit)
You throw a poisoned dart. The poisoned dart hits the goblin.
The goblin is poisoned.
The goblin hits you but does no damage.
You kill the goblin!
The goblin unwields a +0 club.
The goblin wields a +0 sling.
The goblin shoots a sling bullet.
The sling bullet hits you.
* * * LOW HITPOINT WARNING * * *
You take 3 damage, and have 4/17 hp.
The goblin shoots a sling bullet.
The sling bullet closely misses you.
The goblin shoots a sling bullet.
The sling bullet hits you.
You die...

#.....######## #.....
#.###.#......# #.....
########.###.#......####.....
#...##.......'.>.............
#...#..#.###.#......####.)...
###.....##.###.#......#
#.....
#......###.#...#......#
######
#.....####.#.##########
#...#>).(g)...@....#
#...#.#######..#.### #...#.#
##...## #...#.### ##...#
#...#...# ##..## #...#...#
#...## #####...# #.#..# ####
#...# #.##.### #...
#...########.##...# #...


You could see a goblin.

Vanquished Creatures
  A dart slug (D:1)
  A ball python (D:1)
  2 endoplasms (D:1)
  4 goblins (D:1)
  2 hobgoblins (D:1)
  A quokka (D:1)
  2 bats (D:1)
  2 frilled lizards (D:1)
  6 kobolds (D:1)
  2 rats (D:1)
23 creatures vanquished.

Notes
Turn   | Place    | Note
-------+----------+-------------------------------------------
     0 | D:1      | jasper the Vampire Brigand began the quest for the Orb.
     0 | D:1      | Reached XP level 1. HP: 16/16 MP: 1/1
   102 | D:1      | Reached skill level 6 in Stealth
   289 | D:1      | Reached XP level 2. HP: 17/17 MP: 2/2
   561 | D:2      | Noticed Robin
   581 | D:1      | Shot with a sling bullet by a goblin

Illustrated notes

Levels and vault maps discovered:
D:1:      mainiacjoe_arrival_reflecting_pool, layout_basic, moated_statue
D:2:      layout_rooms, kennysheep_cluttered_room, serial_bayou_pond_d,
          uniq_robin, uniq_natasha

Skill      XL: |  1 |
---------------+----+-----
Stealth        | 6 |  6.2
Fighting       | 2 |  2.1
Short Blades   | |  2.6
Throwing       | |  1.5
Dodging        | |  1.8

Action                     || total
---------------------------++-------
  Melee: Dagger            ||    30
  Throw: Dart              ||     3
Ability: Exsanguinate      ||     1
   Stab: Sleeping          ||    17
 Armour: Robe              ||     9
  Dodge: Dodged            ||    23

Table legend: (Time is in decaauts)
 A = Elapsed time spent in this place.
 B = Non-inter-level travel time spent in this place.
 C = Inter-level travel time spent in this place.
 D = Time resting spent in this place.
 E = Time spent auto-exploring this place.
 F = Levels seen in this place.
 G = Mean time per level.
                   A        B        C        D        E       F      G
               +--------+--------+--------+--------+--------+-----+--------+
         Total |    576 |    567 |      9 |    100 |    293 |   2 |  288.0 |
       Dungeon |    576 |    567 |      9 |    100 |    293 |   2 |  288.0 |
               +--------+--------+--------+--------+--------+-----+--------+

Top non-repeatable levels by time:
     D:1: 574 daAuts
     D:2: 1 daAuts
